 Dungeon Crawl Stone Soup version 0.29-a0-320-g9f8742066b (webtiles) character file.

Game seed: 13750974891856309147

123 dracfodder the Chopper (level 5, -1/33 HPs)
             Began as a Gargoyle Berserker on Apr 2, 2022.
             Was a Believer of Trog.
             Slain by Edmund
             ... wielding a +0 flail of protection
              (9 damage)
             ... on level 4 of the Dungeon.
             The game lasted 00:07:52 (2606 turns).

dracfodder the Chopper (Gargoyle Berserker)         Turns: 2606, Time: 00:07:52

Health: -1/33      AC: 10    Str: 22    XL:     5   Next: 7%
Magic:  5/5        EV: 11    Int:  8    God:    Trog [**....]
Gold:   207        SH:  0    Dex:  9    Spells: 4/4 levels left

rFire   . . .      SeeInvis .   a - +0 hand axe
rCold   . . .      Faith    .   (no shield)
rNeg    + . .      Spirit   .   j - +0 ring mail
rPois   ∞          Reflect  .   (no helmet)
rElec   +          Harm     .   (no cloak)
rCorr   .          Rampage  .   d - +0 pair of gloves
Will    .....                   (no boots)
Stlth   ..........              (no amulet)
HPRegen 0.11/turn               (no ring)
MPRegen 0.09/turn               (no ring)

@: on berserk cooldown, hasted and slowed
A: sickness immunity, AC +4, negative energy resistance 1, electricity
resistance, torment resistance 1, petrification resistance
a: Renounce Religion, Berserk, Trog's Hand


You were on level 4 of the Dungeon.
You worshipped Trog.
Trog was pleased with you.
You visited 1 branch of the dungeon, and saw 4 of its levels.

You collected 207 gold pieces.

Inventory:

Hand Weapons
 a - a +0 hand axe (weapon)
 b - a +0 hunting sling
Armour
 d - a +0 pair of gloves (worn)
 j - a +0 ring mail (worn)
Scrolls
 e - a scroll of teleportation
Potions
 c - a potion of curing
 f - a potion of attraction
 g - 2 potions of flight
 h - a potion of cancellation
 i - a potion of haste


   Skills:
 * Level 3.7 Fighting
 * Level 4.4 Axes
 * Level 0.3(2.7) Polearms
 + Level 2.7 Armour
 + Level 1.8 Dodging
 + Level 0.2 Stealth


You had 4 spell levels left.
You didn't know any spells.
Your spell library was empty.

Dungeon Overview and Level Annotations

Branches:
Dungeon (4/15)
 Temple: D:4-7

Altars:
Gozag

Annotations:
D:4 Edmund


Innate Abilities, Weirdness & Mutations

You are immune to sickness and miasma.
Your stone body is resilient. (AC +4)
You are immune to poison.
You resist negative energy. (rN+)
You are resistant to electric shocks. (rElec)
You are resistant to unholy torment.
You are immune to petrification.


Message History

The orc misses you.
You hit Edmund.
Edmund is heavily wounded.
You barely miss the orc. Edmund misses you. The orc closely misses you.
You hit Edmund.
Edmund is heavily wounded.
You hit the orc.
You kill the orc!
Trog accepts your kill.
Edmund hits you with a +0 flail of protection.
You slash Edmund!
Edmund is severely wounded.
You hit Edmund.
Edmund is almost dead.
Edmund hits you with a +0 flail of protection.
* * * LOW HITPOINT WARNING * * *
You closely miss Edmund.
Edmund is almost dead.
Edmund barely misses you.
You barely miss Edmund.
Edmund is almost dead.
You are no longer berserk.
You are exhausted.
You feel yourself slow down.
You feel better.
Edmund hits you with a +0 flail of protection.
Edmund hits you but does no damage.
You feel yourself speed up. Edmund hits you but does no damage.
You hit Edmund but do no damage.
Edmund is almost dead.
Edmund closely misses you.
You barely miss Edmund.
Edmund is almost dead.
Edmund hits you with a +0 flail of protection!
* * * LOW HITPOINT WARNING * * *
You barely miss Edmund.
Edmund is almost dead.
Edmund completely misses you.
Edmund hits you with a +0 flail of protection!
You die...

###...#.≈.....§.#
......#.≈.≈≈≈§§.#
###...#.≈≈.§.§≈§#
#..##.≈≈._.§§§#
#.###.≈≈.§.§≈.#
... #.≈.≈≈≈§§§#
#.# #§≈....§§.#
..# #.!≈≈≈≈≈§§###
.....#########@)#
..# #@)# .. .#.#
.. .. ... ...
##.# #### ##


You could see Edmund.

Vanquished Creatures
  An orc wizard (D:4)
  Robin (D:2)
  An adder (D:3)
  A shadow imp (D:3)
  2 dart slugs (D:1)
  4 orcs (D:4)
  4 ball pythons
  7 endoplasms
  5 giant cockroaches
  9 goblins
  6 hobgoblins
  4 kobolds
  2 quokkas
  4 bats
  2 frilled lizards (D:1)
  3 rats
56 creatures vanquished.

Notes
Turn   | Place    | Note
-------+----------+-------------------------------------------
     0 | D:1      | dracfodder the Gargoyle Berserker began the quest for the
                  | Orb.
     0 | D:1      | Reached XP level 1. HP: 14/14 MP: 1/1
   201 | D:1      | Reached skill level 3 in Axes
   542 | D:1      | Reached XP level 2. HP: 17/19 MP: 2/2
  1106 | D:1      | Reached XP level 3. HP: 22/23 MP: 3/3
  1290 | D:1      | Found a faded altar of an unknown god.
  1699 | D:2      | Noticed Robin
  1709 | D:2      | Killed Robin
  1709 | D:2      | Reached ** piety under Trog
  1720 | D:2      | Reached skill level 4 in Axes
  2134 | D:3      | Reached XP level 4. HP: 25/28 MP: 4/4
  2551 | D:4      | Found an opulent altar of Gozag.
  2576 | D:4      | Reached XP level 5. HP: 29/33 MP: 5/5
  2586 | D:4      | Noticed Edmund
  2606 | D:4      | Slain by Edmund

Illustrated notes

Levels and vault maps discovered:
D:1:      dpeg_arrival_three_same_balls, layout_basic,
          dilly_ecumenical_altar_fadedgnrine, hangedman_decor_push,
          minivault_24, chequers_serial_rivers_micro_d, st_stairs_3,
          chequers_serial_rivers_room_b, minmay_fountain_box, feat_on_display
D:2:      layout_loops_ring, uniq_robin
D:3:      layout_rooms
D:4:      layout_loops_corners, mainiacjoe_overflow_alcove_2,
          mainiacjoe_overflow_paths, mainiacjoe_overflow_catwalk,
          serial_bayou_pond_d, minmay_misc_feat_doors, uniq_crazy_yiuf_cottage,
          uniq_edmund, uniq_grinder

Skill      XL: |  1  2  3 |
---------------+----------+-----
Axes           | 3 4 |  4.4
Fighting       | |  3.7
Polearms       | |  0.3
Armour         | |  2.7
Dodging        | |  1.8
Stealth        | |  0.2

Action                   |  1- 3 |  4- 6 || total
-------------------------+-------+-------++-------
Melee: Hand axe          |    97 |    87 ||   184
       Punch             |     1 |       ||     1
 Fire: Hunting sling     |     4 |       ||     4
Invok: Berserk           |     2 |     1 ||     3
       Trog's Hand       |       |     1 ||     1
  Use: Scroll            |     7 |     5 ||    12
       Potion            |       |     2 ||     2
Armor: Animal skin       |     9 |       ||     9
       Ring mail         |    27 |    41 ||    68
Dodge: Dodged            |    63 |    56 ||   119

Table legend: (Time is in decaauts)
 A = Elapsed time spent in this place.
 B = Non-inter-level travel time spent in this place.
 C = Inter-level travel time spent in this place.
 D = Time resting spent in this place.
 E = Time spent auto-exploring this place.
 F = Levels seen in this place.
 G = Mean time per level.
                   A        B        C        D        E       F      G
               +--------+--------+--------+--------+--------+-----+--------+
         Total |   2640 |   2589 |     51 |    468 |   1596 |   4 |  660.0 |
       Dungeon |   2640 |   2589 |     51 |    468 |   1596 |   4 |  660.0 |
               +--------+--------+--------+--------+--------+-----+--------+

Top non-repeatable levels by time:
     D:1: 1333 daAuts
     D:2: 791 daAuts
     D:3: 417 daAuts
     D:4: 97 daAuts
